 Dungeon Crawl Stone Soup version 0.30-a0-800-g7c544603b3 (webtiles) character file.

Game seed: 12041542575001623186

20 sircluck the Shooter (level 3, 0/22 HPs)
             Began as a Kobold Hunter on Feb 22, 2023.
             Frozen to death by an endoplasm (4 damage)
             ... on level 2 of the Dungeon.
             The game lasted 00:01:30 (1098 turns).

sircluck the Shooter (Kobold Hunter)                Turns: 1098, Time: 00:01:31

Health: 0/22       AC:  4    Str:  8    XL:     3   Next: 0%
Magic:  3/3        EV: 14    Int: 10    God:
Gold:   47         SH:  0    Dex: 20    Spells: 2/2 levels left

rFire   . . .      SeeInvis .    a - +0 shortbow
rCold   . . .      Faith    .    (shield currently unavailable)
rNeg    . . .      Spirit   .    c - +0 leather armour
rPois   .          Reflect  .    e - +0 helmet
rElec   .          Harm     .    (no cloak)
rCorr   .          Rampage  .    (no gloves)
Will    .....                    (no boots)
Stlth   +++                      (no amulet)
HPRegen 0.23/turn                (no ring)
MPRegen 0.08/turn                (no ring)

@: no status effects
A: small, no large weapons, nightstalker 3
a: no special abilities


You were on level 2 of the Dungeon.
You visited 1 branch of the dungeon, and saw 2 of its levels.

You collected 47 gold pieces.

Inventory:

Hand Weapons
 a - a +0 shortbow (weapon)
Armour
 c - a +0 leather armour (worn)
 e - a +0 helmet (worn)
 i - a +2 kite shield
Scrolls
 b - a scroll of immolation
 f - 2 scrolls of identify {unknown}
 g - a scroll of fear {unknown}
 j - a scroll of vulnerability {unknown}
 l - a scroll of enchant armour {unknown}
 m - a scroll of magic mapping {unknown}
Potions
 d - 2 potions of curing {unknown}
 h - 2 potions of haste {unknown}
 k - 2 potions of might {unknown}


   Skills:
 + Level 2.3 Fighting
 + Level 6.2 Ranged Weapons
 + Level 2.4 Dodging
 + Level 1.3 Stealth


You had 2 spell levels left.
You didn't know any spells.
Your spell library was empty.

Dungeon Overview and Level Annotations

Branches:
Dungeon (2/15)

Altars:


Innate Abilities, Weirdness & Mutations

You are small and have problems with some larger weapons.
You are completely attuned to the shadows.


Message History

Your experience leads to an increase in your attributes!
Increase (S)trength, (I)ntelligence, or (D)exterity?
You feel agile. x2
You see here a +0 club.
There is an open door here.
There is an open door here.
There is an open door here.
Done exploring.
There is an open door here.
You see here 2 stones.
There is a stone staircase leading down here.
You climb downwards.
There is a stone staircase leading up here.
You open the door.
Found 5 stones.
There is an open door here.
An endoplasm comes into view.
The endoplasm quivers.
The endoplasm closely misses you. The endoplasm barely misses you.
The endoplasm freezes you.
You are frozen.
The endoplasm hits you but does no damage.
The endoplasm freezes you.
You are frozen.
The endoplasm freezes you.
You are frozen.
The endoplasm freezes you.
You are frozen.
The endoplasm freezes you.
You are frozen.
The endoplasm freezes you.
You are frozen.
* * * LOW HITPOINT WARNING * * *
The endoplasm freezes you.
You are frozen.
* * * LOW HITPOINT WARNING * * *
The endoplasm freezes you.
You are frozen.
You die...

#########
#.......#
#.#####.# #.#
#.# #.# #.#
#.#####.#
#.....#.########
#####.#....@J...
#.########## #.#
#.# ######
#.###.....
#.#<......
#.###.....
#...'.....
#####.....


You could see an endoplasm.

Vanquished Creatures
  An endoplasm (D:1)
  A giant cockroach (D:1)
  3 goblins (D:1)
  A hobgoblin (D:1)
  3 kobolds (D:1)
  A quokka (D:1)
  3 ball pythons (D:1)
  3 bats (D:1)
  3 frilled lizards (D:1)
  A rat (D:1)
20 creatures vanquished.

Notes
Turn   | Place    | Note
-------+----------+-------------------------------------------
     0 | D:1      | sircluck the Kobold Hunter began the quest for the Orb.
     0 | D:1      | Reached XP level 1. HP: 12/12 MP: 1/1
   336 | D:1      | Reached XP level 2. HP: 16/18 MP: 2/2
   594 | D:1      | Reached skill level 6 in Ranged Weapons
   860 | D:1      | Reached XP level 3. HP: 22/22 MP: 3/3
  1098 | D:2      | Frozen to death by an endoplasm

Illustrated notes

Levels and vault maps discovered:
D:1:      minmay_arrival_solitary_statue, layout_loops_corners,
          dreamdust_wishing_well, minmay_tree_intersection
D:2:      layout_basic, grunt_decor_one_mirror, uniq_robin

Skill      XL: |  1  2 |
---------------+-------+-----
Ranged Weapons | 6 |  6.2
Fighting       | |  2.3
Dodging        | |  2.4
Stealth        | |  1.3

Action                     || total
---------------------------++-------
   Fire: Shortbow          ||    52
    Use: Scroll            ||     1
 Armour: Leather armour    ||     7
  Dodge: Dodged            ||    18

Table legend: (Time is in decaauts)
 A = Elapsed time spent in this place.
 B = Non-inter-level travel time spent in this place.
 C = Inter-level travel time spent in this place.
 D = Time resting spent in this place.
 E = Time spent auto-exploring this place.
 F = Levels seen in this place.
 G = Mean time per level.
                   A        B        C        D        E       F      G
               +--------+--------+--------+--------+--------+-----+--------+
         Total |   1111 |   1048 |     63 |      0 |    838 |   2 |  555.5 |
       Dungeon |   1111 |   1048 |     63 |      0 |    838 |   2 |  555.5 |
               +--------+--------+--------+--------+--------+-----+--------+

Top non-repeatable levels by time:
     D:1: 1056 daAuts
     D:2: 55 daAuts
